 Dungeon Crawl Stone Soup version 0.26-a0-43-g20b394c (webtiles) character file.

Game seed: 5076415073966157174

412 Faca the Skirmisher (level 6, -4/85 HPs)
             Began as a Draconian Fighter on June 3, 2020.
             Was an Initiate of Okawaru.
             Slain by a gnoll
             ... wielding a +0 spear
              (7 damage)
             ... on level 4 of the Dungeon.
             The game lasted 00:08:49 (4347 turns).

Faca the Skirmisher (Draconian Fighter)             Turns: 4347, Time: 00:08:50

Health: -4/85      AC:  9    Str: 20    XL:     6   Next: 59%
Magic:  6/6        EV: 10    Int:  8    God:    Okawaru [......]
Gold:   167        SH:  9    Dex: 11    Spells: 5/5 levels left

rFire    . . .     SeeInvis .   a - +0 flail
rCold    . . .     Gourm    .   b - +0 kite shield
rNeg     . . .     Faith    .   (armour unavailable)
rPois    .         Spirit   .   (helmet restricted)
rElec    .         Reflect  .   g - +2 cloak
rCorr    .         Harm     .   (no gloves)
MR       .....                  (no boots)
Stlth    ..........             (no amulet)
HPRegen  0.24/turn              (no ring)
MPRegen  0.10/turn              (no ring)

@: berserking, very quick
A: unfitting armour, cold-blooded, AC +6
a: Renounce Religion


You were on level 4 of the Dungeon.
You worshipped Okawaru.
Okawaru was noncommittal.
You were hungry.

You visited 2 branches of the dungeon, and saw 5 of its levels.

You collected 167 gold pieces.

Inventory:

Hand Weapons
 a - a +0 flail (weapon)
Missiles
 h - 5 javelins (quivered)
 p - 3 boomerangs
Armour
 b - a +0 kite shield (worn)
 g - a +2 cloak (worn)
Wands
 n - a wand of acid (7)
Potions
 e - a potion of flight
 f - a potion of invisibility {unknown}
 j - 2 potions of curing
 k - 3 potions of haste {unknown}
 l - 2 potions of cancellation
 m - a potion of might
 q - a potion of lignification
Comestibles
 d - 6 rations
 i - 8 chunks of flesh


   Skills:
 + Level 6.2 Fighting
 + Level 5.2 Maces & Flails
 - Level 2.6 Dodging
 - Level 3.0 Shields


You had 5 spell levels left.
You didn't know any spells.
Your spell library was empty.

Dungeon Overview and Level Annotations

Branches:
Dungeon (4/15)             Temple (1/1) D:4

Altars:
Dithmenos
Elyvilon
Fedhas
Gozag
Hepliaklqana
Kikubaaqudgha
Makhleb
Nemelex Xobeh
Okawaru
Ru
Sif Muna
Trog
Uskayaw
Vehumet
Yredelemnul
Zin
The Shining One


Innate Abilities, Weirdness & Mutations

Your plain brown scales are hard. (AC +6)
You cannot fit into any form of body armour.
You are cold-blooded and may be slowed by cold attacks.


Message History

You kill the hound!
Okawaru accepts your kill. The jackal closely misses you.
You block the gnoll's attack. The gnoll hits you.
* * * LOW HITPOINT WARNING * * *
The gnoll hits you but does no damage. The jackal bites you.
* * * LOW HITPOINT WARNING * * *
A red film seems to cover your vision as you go berserk!
You feel yourself moving faster!
You feel mighty! You block the gnoll's attack. You block the jackal's attack.
The gnoll hits you but does no damage. x2
The gnoll hits you with a +0 whip!
* * * LOW HITPOINT WARNING * * *
The gnoll splashes around in the water.
You sock the gnoll!
The gnoll is heavily wounded.
You block the jackal's attack. The gnoll barely misses you.
The gnoll hits you with a +0 whip.
* * * LOW HITPOINT WARNING * * *
The gnoll hits you from afar with a +0 spear!
You die...

#.#.## ...
#..# . ##.#
#.# #.# . #.#
... #.#
....##.######
.......Pg@g..#
≈≈≈≈≈≈≈≈ghg..#
≈≈≈≈≈≈≈≈≈..g.#
≈≈#####≈≈....#
h #.. #≈≈....#
#. #≈≈....#
#+###≈≈P...#
#.≈≈g....#
#.≈≈≈....#


You could see a gnoll shaman, 5 gnolls and a jackal.

Vanquished Creatures
  A crimson imp (D:3)
  A hound (D:4)
  3 orc wizards (D:3)
  2 orc priests
  Robin (D:3)
  4 adders
  A gnoll (D:4)
  2 oozes
  3 worms
  4 dart slugs
  2 leopard geckos
  12 orcs
  4 bats
  5 giant cockroaches
  17 goblins
  14 hobgoblins
  14 jackals
  10 kobolds
  A quokka (D:3)
  4 frilled lizards (D:1)
  5 rats
110 creatures vanquished.

Notes
Turn   | Place    | Note
-------+----------+-------------------------------------------
     0 | D:1      | Faca the Draconian Fighter began the quest for the Orb.
     0 | D:1      | Reached XP level 1. HP: 19/19 MP: 1/1
   169 | D:1      | Reached XP level 2. HP: 25/26 MP: 2/2
   401 | D:1      | Reached skill level 4 in Fighting
   604 | D:1      | Reached XP level 3. HP: 33/33 MP: 3/3
  1265 | D:2      | Reached XP level 4. HP: 41/41 MP: 4/4
  2149 | D:3      | Noticed Robin
  2159 | D:3      | Killed Robin
  2411 | D:3      | Reached skill level 5 in Fighting
  2424 | D:3      | Reached XP level 5. HP: 22/48 MP: 5/5
  2775 | D:3      | HP: 2/48 [orc wizard/+0 dagger (2)]
  3312 | D:3      | Found an ancient bone altar of Kikubaaqudgha.
  3312 | D:3      | Found a hide-covered altar of Uskayaw.
  3377 | D:3      | Found a burning altar of Makhleb.
  3386 | D:3      | Reached XP level 6. HP: 57/57 MP: 6/6
  3497 | D:4      | Found a staircase to the Ecumenical Temple.
  3733 | D:4      | Reached skill level 6 in Fighting
  3733 | D:4      | Reached skill level 5 in Maces & Flails
  3747 | Temple   | Entered the Ecumenical Temple
  4041 | Temple   | Became a worshipper of Warmaster Okawaru
  4347 | D:4      | HP: 3/85 [gnoll/+0 whip (4)]
  4347 | D:4      | Slain by a gnoll

Illustrated notes

Levels and vault maps discovered:
D:1:      ebering_trefoil_3fold, layout_loops_ring
D:2:      layout_basic
D:3:      kennysheep_the_goblin_king, layout_loops_cross, makhleb_grotto_becter,
          gammafunk_temple_overflow_wave, first_ration, uniq_robin
D:4:      lemuel_castle_with_subvaults [lemuel_castle_interior_carwin_3],
          layout_rooms, old_standard_altar, minmay_temple_entry_grid,
          uniq_sigmund
Temple:   eino_narrow_crystal_temple

Skill      XL: |  1  2  3  4  5  6 |
---------------+-------------------+-----
Fighting       | 4 5 6 |  6.2
Maces & Flails | 3 4 5 |  5.2
Dodging        | |  2.6
Shields        | |  3.0

Action                   |  1- 3 |  4- 6 || total
-------------------------+-------+-------++-------
Melee: Flail             |   121 |   265 ||   386
       Tailslap          |    10 |    25 ||    35
  Use: Scroll            |     6 |     5 ||    11
       Potion            |       |     5 ||     5
  Eat: Chunk             |     1 |    10 ||    11
Armor: Skin              |    44 |   155 ||   199
Dodge: Dodged            |    52 |   159 ||   211
Block: Kite shield       |    50 |   177 ||   227

Table legend:
 A = Non-vault XP
 B = Vault XP
 C = Vault XP percentage of total XP
 D = Non-vault monster count
 E = Vault monster count
 F = Vault count percentage of total count
                 A         B        C        D         E       F
            +---------+---------+-------+---------+---------+-------
      Total |     454 |     135 |  22.9 |      77 |      33 |  30.0
            +---------+---------+-------+---------+---------+-------
        D:1 |      48 |       0 |   0.0 |      26 |       0 |   0.0
        D:2 |      90 |       9 |   9.1 |      27 |       5 |  15.6
        D:3 |     229 |      89 |  28.0 |      21 |      15 |  41.7
        D:4 |      87 |      37 |  29.8 |       3 |      13 |  81.2
            +---------+---------+-------+---------+---------+-------
